 Dungeon Crawl Stone Soup version 0.21-a0-364-gbd1fde4 (webtiles) character file.

119 vishdafish the Charmwright (level 4, -4/33 HPs)
             Began as a Demonspawn Skald on Oct 14, 2017.
             Killed by divine providence
             ... invoked by an orc priest
              (11 damage)
             ... on level 3 of the Dungeon.
             The game lasted 00:02:12 (1892 turns).

vishdafish the Charmwright (Demonspawn Skald)       Turns: 1892, Time: 00:02:12

Health: -4/33      AC:  4    Str: 11    XL:     4   Next: 74%
Magic:  6/7        EV: 12    Int: 16    God:
Gold:   31         SH:  0    Dex: 12    Spells: 6/7 levels left

rFire    + . .     SeeInvis .   a - +0 hand axe
rCold    . . .     Gourm    .   (no shield)
rNeg     . . .     Faith    .   b - +0 leather armour
rPois    .         Spirit   .   (no helmet)
rElec    .         Reflect  .   (no cloak)
rCorr    .         Harm     .   o - +0 pair of gloves
MR       .....                  (no boots)
Stlth    +.........             (no amulet)
HPRegen  0.11/turn              (no ring)
MPRegen  0.10/turn              (no ring)

@: no status effects
A: hooves 1, fire resistance 1
a: no special abilities


You were on level 3 of the Dungeon.
You were very hungry.

You visited 1 branch of the dungeon, and saw 3 of its levels.

You collected 31 gold pieces.

Inventory:

Hand Weapons
 a - a +0 hand axe (weapon)
Armour
 b - a +0 leather armour (worn)
 o - a +0 pair of gloves (worn)
Scrolls
 e - 4 scrolls of identify {unknown}
 f - 2 scrolls of remove curse {unknown}
 g - a scroll of enchant armour {unknown}
 k - 2 scrolls of teleportation {unknown}
 n - a scroll of recharging {unknown}
Potions
 h - 2 potions of brilliance {unknown}
 i - a potion of haste {unknown}
 j - a potion of curing {unknown}
 l - a potion of lignification {unknown}
Books
 c - a book of Battle

   Spells                             Type                      Level
   a - Infusion                       Charms                       1
   b - Shroud of Golubria             Charms/Translocation         2
   c - Song of Slaying                Charms                       2
   d - Spectral Weapon                Hexes/Charms                 3
   e - Regeneration                   Charms/Necromancy            3
Comestibles
 d - 2 bread rations
 m - a meat ration


   Skills:
 - Level 2.0 Fighting
 + Level 2.7 Axes
 + Level 2.1 Armour
 + Level 2.7 Dodging
 - Level 2.0 Spellcasting
 + Level 3.4 Charms


You had 6 spell levels left.
You knew the following spells:

 Your Spells              Type           Power        Failure   Level  Hunger
a - Infusion              Chrm           ##..         7%          1    #......


Dungeon Overview and Level Annotations

Branches:
Dungeon (3/15)

Altars:

Annotations:
D:2 Sigmund


Innate Abilities, Weirdness & Mutations

You have large cloven feet.
Your flesh is heat resistant. (rF+)


Message History

Sigmund casts a spell at you. The magic dart hits you!
Sigmund completely misses you. Sigmund gestures at you while chanting.
You resist with some effort.
Your magical infusion is running out.
There is a stone staircase leading down here.
You climb downwards. 2 orcs and 2 orc priests come into view.
The orc shouts!
The orc priest shouts!
You hear a shout! x2
There is a stone staircase leading up here.
A rat comes into view.
The orc priest looks encouraged for a moment.
The orc priest calls down the wrath of Beogh upon you.
Beogh smites you!
* * * LOW HITPOINT WARNING * * *
You are no longer magically infusing your attacks.
The orc priest invokes the aid of Beogh against you.
Beogh smites you!
You die...

...r... .#
....... .#
..##ooo#.##
#......<..###
#...###.#...#
. #.o##....
..
##..#####....
#.........#
#####@#####
#....#
####.....
####


You could see 2 orc priests and 2 orcs.

Vanquished Creatures
  Natasha (twice) (D:2)
  2 adders (D:2)
  2 oozes (D:1)
  A worm (D:2)
  2 dart slugs (D:1)
  7 bats (D:1)
  3 giant cockroaches
  7 goblins
  4 hobgoblins
  4 kobolds
  6 rats
40 creatures vanquished.

Notes
Turn   | Place    | Note
-------+----------+-------------------------------------------
     0 | D:1      | vishdafish the Demonspawn Skald began the quest for the Orb.
     0 | D:1      | Reached XP level 1. HP: 16/16 MP: 3/3
    39 | D:1      | Reached skill level 1 in Armour
    54 | D:1      | Gained mutation: You have large cloven feet. [demonic ancestry]
    54 | D:1      | Reached XP level 2. HP: 6/22 MP: 0/5
   378 | D:1      | Reached skill level 3 in Charms
   422 | D:1      | Reached XP level 3. HP: 23/27 MP: 6/6
   951 | D:2      | Noticed Natasha
   958 | D:2      | Killed Natasha
  1057 | D:2      | Gained mutation: Your flesh is heat resistant. (rF+) [demonic ancestry]
  1057 | D:2      | Reached XP level 4. HP: 33/33 MP: 7/7
  1058 | D:2      | Noticed Natasha
  1073 | D:2      | Killed Natasha
  1868 | D:2      | Noticed Sigmund
  1892 | D:3      | Killed from afar by an orc priest

Vault maps used:
D:1:      minmay_arrival_plants_in_alcoves
D:2:      uniq_natasha, uniq_sigmund
D:3:      trog_eyes_of_draining, grunt_gozag_breadcrumbs,
          nicolae_tso_carved_into_rock, minmay_lizard_king

Skill      XL: |  1  2  3  4 |
---------------+-------------+-----
Armour         | 1 2 |  2.1
Axes           | 2 |  2.7
Dodging        | 2 |  2.7
Charms         | 3 |  3.4
Fighting       | |  2.0
Spellcasting   | |  2.0

Action                   |  1- 3 |  4- 6 || total
-------------------------+-------+-------++-------
Melee: Hand axe          |    76 |    42 ||   118
       Kick              |    13 |    12 ||    25
 Cast: Infusion          |     3 |     2 ||     5
  Eat: Chunk             |       |     2 ||     2
Armor: Leather armour    |    22 |     5 ||    27
Dodge: Dodged            |    43 |    38 ||    81

Table legend:
 A = Spawn XP
 B = Non-spawn XP
 C = Spawn XP percentage of total XP
 D = Spawn monster count
 E = Non-spawn monster count
 F = Spawn count percentage of total count
 G = Total turns spent on level
                    A         B        C        D         E        F      G
               +---------+---------+-------+---------+---------+-------+---------
         Total |       0 |     171 |   0.0 |       0 |      40 |   0.0 |  1892
               +---------+---------+-------+---------+---------+-------+---------
           D:1 |       0 |      58 |   0.0 |       0 |      27 |   0.0 |   840
           D:2 |       0 |     113 |   0.0 |       0 |      13 |   0.0 |  1047
               +---------+---------+-------+---------+---------+-------+---------
